 Dungeon Crawl Stone Soup version 0.17.2-1-ge4368a0 (webtiles) character file.

39 magog001 the Bolt Thrower (level 3, -1/42 HPs)
             Began as a Formicid Hunter on Oct 5, 2016.
             Slain by a scorpion (6 damage)
             ... on level 4 of the Dungeon.
             The game lasted 00:12:37 (1455 turns).

magog001 the Bolt Thrower (Formicid Hunter)         Turns: 1455, Time: 00:12:37

Health: -1/42      AC: 21    Str: 17      XL:     3   Next: 70%
Magic:  3/3        EV:  2    Int:  8 (10) God:
Gold:   74         SH:  0    Dex: 16      Spells: 0 memorised, 2 levels left

rFire  . . .     SeeInvis .     b - +0 short sword
rCold  . . .     Clarity  .     (armour currently unavailable)
rNeg   + + +     SustAt   .     (no shield)
rPois  +         Gourm    .     (helmet unavailable)
rElec  .         Spirit   .     (cloak currently unavailable)
rCorr  .         Warding  .     (gloves currently unavailable)
rMut   .         Stasis   +     (boots currently unavailable)
MR     .....                    (no amulet)
Stlth  +++.......               (no ring)
                                (no ring)

@: agile, lethally poisoned (-1 -> -10), tree-form, not resistant to hostile
enchantments, fairly stealthy
A: permanent stasis, dig shafts and tunnels, four strong arms, (antennae 0)
a: no special abilities


You were on level 4 of the Dungeon.
You were hungry.
You were a tree.
You visited 1 branch of the dungeon, and saw 3 of its levels.

You collected 74 gold pieces.

Inventory:

Hand Weapons
 a - a +1 hand crossbow
 b - a +0 short sword (weapon)
Missiles
 d - 8 bolts
 o - 15 poisoned needles
 z - 14 arrows
Armour
 c - a +0 leather armour (melded)
 f - a +0 leather armour
 y - a +0 pair of boots
Jewellery
 v - a cursed ring of loudness {unknown}
Wands
 w - a wand of slowing (21)
Scrolls
 g - 2 scrolls of remove curse {unknown}
 h - a scroll of magic mapping {unknown}
 i - 3 scrolls of identify {unknown}
 k - a scroll of recharging {unknown}
 m - 2 scrolls of enchant weapon {unknown}
 n - a scroll of teleportation {unknown}
 p - a scroll of enchant armour {unknown}
 r - a scroll of noise {unknown}
 t - a scroll of fear {unknown}
 x - a scroll of immolation {unknown}
Comestibles
 e - 3 bread rations
 q - a meat ration
 A - 2 chunks of flesh


   Skills:
 + Level 2.4 Fighting
 + Level 4.9 Crossbows
 + Level 1.8 Dodging
 + Level 1.5 Stealth


You had 2 spell levels left.
You didn't know any spells.

Dungeon Overview and Level Annotations

Branches:
Dungeon (4/15)
 Temple: D:4-7

Altars:
Qazlal


Innate Abilities, Weirdness & Mutations

You are under a permanent stasis effect.
You can dig through walls and to a lower floor.
Your four strong arms can wield two-handed weapons with a shield.
((You have a pair of large antennae on your head (SInv).))


Message History

You closely miss the scorpion.
The scorpion is heavily wounded.
You are feeling hungry.
You feel sick.
You are no longer poisoned.
The scorpion stings you but does no damage.
You hit the scorpion.
The scorpion is severely wounded.
The scorpion stings you but does no damage.
You hit the scorpion but do no damage.
The scorpion is severely wounded.
The scorpion stings you.
* * * LOW HITPOINT WARNING * * *
You are lethally poisoned!
The scorpion poisons you!
You hit the scorpion but do no damage.
The scorpion is severely wounded.
* * * LOW HITPOINT WARNING * * *
You feel sick. The scorpion stings you.
You die...

#. #. #####
..#.♣.#
#.#.#s#...##
#.#.#.>......+
#.#.###...# .#
{ #.#.# #...#
.# #.#.###.#(#
.# #.#.#.....#
.# #.#.#.#.# #
.# +# #
#.....#
##.#####<#


You could see a scorpion.

Vanquished Creatures
  2 oozes
  3 bats
  4 hobgoblins
  A ball python (D:2)
  A giant cockroach (D:2)
  2 giant geckos (D:2)
  A giant gecko skeleton (D:4)
  4 giant newts
  6 goblins
  2 jackals (D:2)
  5 kobolds
  A rat (D:1)
32 creatures vanquished.

Vanquished Creatures (others)
  A hobgoblin (D:1)
  A kobold (D:1)
2 creatures vanquished.

Grand Total: 34 creatures vanquished

Notes
Turn   | Place    | Note
--------------------------------------------------------------
     0 | D:1      | magog001 the Formicid Hunter began the quest for the Orb.
     0 | D:1      | Reached XP level 1. HP: 16/16 MP: 1/1
   248 | D:1      | Reached XP level 2. HP: 21/23 MP: 2/2
   807 | D:2      | Reached XP level 3. HP: 25/28 MP: 3/3
  1118 | D:2      | Found a stormy altar of Qazlal.
  1387 | D:2      | You fall through a shaft for 2 floors!
  1427 | D:4      | Noticed a scorpion
  1455 | D:4      | Slain by a scorpion

Action                   || total
-------------------------++-------
Melee: Short sword       ||    19
 Fire: Hand crossbow     ||    65
 Abil: Dig               ||     7
  Use: Potion            ||     4
  Eat: Chunk             ||     4
